 Dungeon Crawl Stone Soup version 0.29.1-1-gd02db6906a (webtiles) character file.

Game seed: 3343420302573775785

179 sankara the Shield-Bearer (level 5, 0/33 HPs)
             Began as a Gargoyle Fighter on Oct 14, 2022.
             Slain by an orc
             ... wielding a +0 whip
              (4 damage)
             ... on level 4 of the Dungeon.
             The game lasted 00:07:14 (3554 turns).

sankara the Shield-Bearer (Gargoyle Fighter)        Turns: 3554, Time: 00:07:15

Health: 0/33       AC: 17    Str: 19    XL:     5   Next: 59%
Magic:  5/5        EV:  7    Int:  9    God:
Gold:   66         SH:  4    Dex: 11    Spells: 4/4 levels left

rFire   . . .      SeeInvis .   a - +0 flail
rCold   . . .      Faith    .   c - +0 buckler
rNeg    + . .      Spirit   .   g - +0 chain mail
rPois   ∞          Reflect  .   p - +2 helmet
rElec   +          Harm     .   (no cloak)
rCorr   .          Rampage  .   j - +0 pair of gloves
Will    .....                   (no boots)
Stlth   ..........              e - amulet of the acrobat
HPRegen 0.11/turn               (no ring)
MPRegen 0.09/turn               (no ring)

@: no status effects
A: sickness immunity, AC +4, negative energy resistance 1, electricity
resistance, torment resistance 1, petrification resistance
a: no special abilities


You were on level 4 of the Dungeon.
You visited 1 branch of the dungeon, and saw 4 of its levels.

You collected 166 gold pieces.
You spent 100 gold pieces at shops.

Inventory:

Hand Weapons
 a - a +0 flail (weapon)
 b - a +0 sling
Missiles
 q - 11 stones (quivered)
 r - 3 atropa-tipped darts
 v - 5 boomerangs
 x - 5 poisoned darts
Armour
 c - a +0 buckler (worn)
 g - a +0 chain mail (worn)
 j - a +0 pair of gloves (worn)
 p - a +2 helmet (worn)
 y - a +1 leather armour of fire resistance
 A - an orb of guile
Jewellery
 e - an amulet of the acrobat (around neck)
 m - a ring of ice
Wands
 o - a wand of polymorph (8)
Scrolls
 f - a scroll of enchant weapon {unknown}
 h - 3 scrolls of teleportation {unknown}
 k - a scroll of butterflies {unknown}
 n - a scroll of noise {unknown}
 s - 3 scrolls of amnesia {unknown}
 B - 2 scrolls of identify {unknown}
Potions
 d - a potion of might
 i - a potion of flight {unknown}
 l - 6 potions of heal wounds
 t - a potion of berserk rage {unknown}
 u - a potion of magic {unknown}
 w - a potion of curing {unknown}
 z - a potion of invisibility {unknown}


   Skills:
 + Level 4.1 Fighting
 * Level 3.8 Maces & Flails
 + Level 4.1 Armour
 + Level 4.1 Shields


You had 4 spell levels left.
You didn't know any spells.
Your spell library contained the following spells:

 Spells                   Type           Power      Damage    Failure   Level
 Apportation              Tloc           0%         N/A       99%         1
 Beastly Appendage        Tmut           0%         N/A       99%         1
 Necrotise                Necr           0%         1d4       99%         1
 Shock                    Conj/Air       0%         1d3       99%         1
 Summon Small Mammal      Summ           0%         N/A       99%         1
 Wereblood                Tmut           0%         N/A       100%        2
 Call Canine Familiar     Summ           0%         N/A       100%        3
 Gell's Gravitas          Tloc           0%         N/A       100%        3
 Spider Form              Tmut/Pois      0%         N/A       100%        3
 Summon Guardian Golem    Hex/Summ       0%         N/A       100%        3
 Swiftness                Air            0%         N/A       100%        3
 Teleport Other           Tloc           0%         N/A       100%        3
 Airstrike                Air            0%         2d(0-16)  100%        4
 Dispersal                Tloc           0%         N/A       100%        6


Dungeon Overview and Level Annotations

Branches:
Dungeon (4/15)
 Temple: D:4-7

Altars:
Hepliaklqana
Xom

Shops:
D:3 [   D:4 *


Innate Abilities, Weirdness & Mutations

You are immune to sickness and miasma.
Your stone body is resilient. (AC +4)
You are immune to poison.
You resist negative energy. (rN+)
You are resistant to electric shocks. (rElec)
You are resistant to unholy torment.
You are immune to petrification.


Message History

The orc priest shouts!
The orc priest mumbles some strange prayers to Beogh against you.
Beogh smites you!
Found an escape hatch in the ceiling.
An orc comes into view. It is wielding a +0 club.
An orc comes into view. It is wielding a +0 whip.
The orc shouts!
You hear a shout! x2
You hit the orc priest but do no damage.
The orc priest barely misses you.
You sock the orc priest!
The orc priest is heavily wounded.
The orc priest mumbles some strange prayers to Beogh against you.
Beogh smites you!
An orc wizard comes into view. It is wielding a +0 dagger.
You are too injured to fight recklessly!
You are too injured to fight recklessly!
You are too injured to fight recklessly!
You are too injured to fight recklessly!
Unknown command.
You are too injured to fight recklessly!
You closely miss the orc priest.
The orc priest is heavily wounded.
You block the orc's attack.
An orc wizard comes into view. It is wielding a +0 dagger.
The orc priest invokes the aid of Beogh against you.
Pain shoots through your body!
* * * LOW HITPOINT WARNING * * *
You barely miss the orc priest.
The orc priest is heavily wounded.
The orc closely misses you. The orc hits you with a +0 whip.
* * * LOW HITPOINT WARNING * * *
The orc wizard hits you but does no damage.
The orc priest hits you but does no damage.
Unknown command.
You barely miss the orc priest.
The orc priest is heavily wounded.
The orc completely misses you.
The orc priest hits you but does no damage.
The orc hits you with a +0 whip.
You die...

......####....#
......###....##.
..#.....##...#..
..#......#...#..
......#..#...#..##
###..##......##..# #
###...##......#..## ...
.##..##.......##o.#...#
.....####.......@oo...#
.....# ##...##.oo...##
#..[...###...........#
..#.##..............##
.######.......#.#.....
... #.......###......
... #........# #<.....
..............# #.....
# ###............


You could see an orc priest, 2 orc wizards and 2 orcs.

Vanquished Creatures
  Jessica (D:2)
  Robin (D:2)
  3 adders
  An ufetubus (D:4)
  2 worms (D:2)
  4 dart slugs
  13 orcs (D:3)
  8 endoplasms
  A giant cockroach (D:2)
  12 goblins
  6 hobgoblins
  2 quokkas (D:1)
  5 ball pythons
  7 bats
  4 frilled lizards
  6 kobolds
  6 rats
82 creatures vanquished.

Notes
Turn   | Place    | Note
-------+----------+-------------------------------------------
     0 | D:1      | sankara the Gargoyle Fighter began the quest for the Orb.
     0 | D:1      | Reached XP level 1. HP: 14/14 MP: 1/1
    61 | D:1      | Found a faded altar of an unknown god.
   243 | D:1      | Reached XP level 2. HP: 18/19 MP: 2/2
   933 | D:2      | Reached XP level 3. HP: 23/23 MP: 3/3
   998 | D:2      | Noticed Robin
  1058 | D:2      | Killed Robin
  1321 | D:2      | Reached XP level 4. HP: 29/29 MP: 4/4
  1395 | D:2      | Noticed Jessica
  1408 | D:2      | Killed Jessica
  1813 | D:2      | Reached XP level 5. HP: 33/33 MP: 5/5
  2299 | D:3      | Found Vira Sam's Armour Boutique.
  2392 | D:3      | Found a hazy altar of Hepliaklqana.
  3493 | D:4      | Found Yblask's General Store.
  3496 | D:4      | Bought 2 potions of heal wounds for 100 gold pieces
  3518 | D:4      | Found a shimmering altar of Xom.
  3554 | D:4      | Slain by an orc

Illustrated notes

Levels and vault maps discovered:
D:1:      dpeg_arrival_pits, layout_loops_ring,
          hellmonk_ecumenical_altar_crossroads, kennysheep_minor_cross
D:2:      minmay_razor_zed, layout_loops_cross, uniq_robin, uniq_jessica
D:3:      layout_basic, worldfamousw_hep_ancestral_shrine, serial_shops, shop
D:4:      layout_cave_pools, mainiacjoe_overflow_24_doors,
          mainiacjoe_overflow_catch_the_wave, tso_metal_star, serial_shops,
          shop, nicolae_shop_competitors_out_of_business, kennysheep_mini,
          st_stairs_4

Skill      XL: |  1  2  3  4 |
---------------+-------------+-----
Maces & Flails | 3 |  3.8
Shields        | 4 |  4.1
Fighting       | 4 |  4.1
Armour         | 4 |  4.1

Action                   |  1- 3 |  4- 6 || total
-------------------------+-------+-------++-------
Melee: Flail             |   109 |   153 ||   262
       Unarmed           |     8 |       ||     8
Armor: Scale mail        |    10 |       ||    10
       Chain mail        |    74 |    90 ||   164
       Skin              |     1 |       ||     1
Dodge: Dodged            |    58 |    67 ||   125
Block: Buckler           |    36 |    36 ||    72
